PUB
IRON CITY EDDIES @ STOCKTON 209
04/17/1972
 
TOP OF THE 1ST
Iron City Eddies batting - Pitching for Stockton 209 : RHP Rich Jenkins
Pitching: RHP Rich Jenkins
Batting: LHB Doug Wright 0-0: Ball
1-0: Ball
2-0: Foul Ball, location: 3F
2-1: Called Strike
2-2: Foul Ball, location: 7LSFF
2-2: Ball
3-2: Base on Balls
Batting: LHB Saran Vakil 0-0: Called Strike
0-1: Ball
1-1: Sac Bunt to 2L - play at first, batter OUT! 2-3
Doug Wright to second
Batting: RHB Jason Wright 0-0: Ball
1-0: Called Strike
1-1: Swinging Strike
1-2: Foul Ball, location: 2F
1-2: Strikes out looking
Batting: RHB Dwaine Bullivant 0-0: Ball
1-0: Ground out 6-3 (Groundball, 56, EV 81.9 MPH)
Top of the 1st over - 0 runs, 0 hits, 0 errors, 1 left on base; Iron City 0 - Stockton 0
BOTTOM OF THE 1ST
Stockton 209 batting - Pitching for Iron City Eddies : LHP Rich Nye
Pitching: LHP Rich Nye
Batting: SHB Reggie Smith 0-0: Ball
1-0: Ball
2-0: Ball
3-0: Called Strike
3-1: Base on Balls
Batting: SHB Peter Holt 0-0: Foul Ball, location: 23F
0-1: Foul Ball, location: 2F
0-2: Ball
1-2: Foul Ball, location: 2F
1-2: Ball
2-2: Foul Ball, location: 3FF
2-2: Fly out, F3 (Popup, 3SF, EV 81.9 MPH)
Batting: RHB Paco Ortega 0-0: Ball
Reggie Smith steals 2nd base
1-0: Called Strike
1-1: Called Strike
Reggie Smith steals 3rd base
1-2: Foul Ball, location: 2F
1-2: Ground out 6-3 (Groundball, 6MS, EV 85.0 MPH)
Reggie Smith scores
Batting: RHB Roberto Hernández 0-0: Called Strike
0-1: Foul Ball, location: 2F
0-2: Ball
1-2: Strikes out swinging
Bottom of the 1st over - 1 run, 0 hits, 0 errors, 0 left on base; Iron City 0 - Stockton 1
TOP OF THE 2ND
Iron City Eddies batting - Pitching for Stockton 209 : RHP Rich Jenkins
Batting: LHB Fernando Pérez 0-0: Called Strike
0-1: Ball
1-1: Swinging Strike
1-2: SOLO HOME RUN (Flyball, 78XD, EV 103.1 MPH), Distance : 410 ft
Batting: LHB Vic Davalillo 0-0: Foul Ball, location: 3F
0-1: Ball
1-1: Ground out U3 (Groundball, 3, EV 101.9 MPH)
Batting: SHB Larry Bowa 0-0: Ball
1-0: Ball
2-0: Fly out, F7 (Flyball, 78M, EV 94.4 MPH)
Batting: LHB Jing-xiang Lok 0-0: Foul Ball, location: 5DF
0-1: DOUBLE (Groundball, 3L, EV 106.3 MPH)
Batting: LHB Rich Nye 0-0: Called Strike
0-1: Called Strike
0-2: Fly out, F9 (Flyball, 9S, EV 89.4 MPH)
Top of the 2nd over - 1 run, 2 hits, 0 errors, 1 left on base; Iron City 1 - Stockton 1
BOTTOM OF THE 2ND
Stockton 209 batting - Pitching for Iron City Eddies : LHP Rich Nye
Batting: SHB William Cameron 0-0: Ball
1-0: Called Strike
1-1: Fly out, F8 (Flyball, 8RM, EV 85.0 MPH)
Batting: LHB Toyotomi Matsumoto 0-0: Swinging Strike
0-1: Ball
1-1: Foul Ball, location: 2LF
1-2: Foul Ball, location: 25F
1-2: Foul Ball, location: 25F
1-2: Ball
2-2: Fly out, F8 (Line Drive, 8LD, EV 100.6 MPH)
Batting: LHB Graig Nettles 0-0: Ground out 5-3 (Groundball, 56S, EV 85.6 MPH)
Bottom of the 2nd over - 0 runs, 0 hits, 0 errors, 0 left on base; Iron City 1 - Stockton 1
TOP OF THE 3RD
Iron City Eddies batting - Pitching for Stockton 209 : RHP Rich Jenkins
Batting: LHB Doug Wright 0-0: Called Strike
0-1: Ball
1-1: Foul Ball, location: 2F
1-2: Foul Ball, location: 2F
1-2: Foul Ball, location: 25F
1-2: Foul Ball, location: 2F
1-2: Ball
2-2: Ball
3-2: Foul Ball, location: 7LSF
3-2: Fly out, F8 (Flyball, 8LM, EV 94.4 MPH)
Batting: LHB Saran Vakil 0-0: Called Strike
0-1: Ball
1-1: Fly out, F9 (Flyball, 9LM, EV 93.8 MPH)
Batting: RHB Jason Wright 0-0: Ball
1-0: Fly out, F8 (Flyball, 8LM, EV 87.5 MPH)
Top of the 3rd over - 0 runs, 0 hits, 0 errors, 0 left on base; Iron City 1 - Stockton 1
BOTTOM OF THE 3RD
Stockton 209 batting - Pitching for Iron City Eddies : LHP Rich Nye
Batting: RHB Cam Carreon 0-0: Ball
1-0: Fly out, F6 (Line Drive, 6, EV 64.4 MPH)
Batting: LHB Rich Jenkins 0-0: Swinging Strike
0-1: Ground out U3 (Groundball, 34S, EV 88.8 MPH)
Batting: SHB Reggie Smith 0-0: Ball
1-0: Called Strike
1-1: Swinging Strike
1-2: Ground out 5-3 (Groundball, 56, EV 88.8 MPH)
Bottom of the 3rd over - 0 runs, 0 hits, 0 errors, 0 left on base; Iron City 1 - Stockton 1
TOP OF THE 4TH
Iron City Eddies batting - Pitching for Stockton 209 : RHP Rich Jenkins
Batting: RHB Dwaine Bullivant 0-0: Ground out U3 (Groundball, 3, EV 92.5 MPH)
Batting: LHB Fernando Pérez 0-0: Ball
1-0: Ball
2-0: Called Strike
2-1: Foul Ball, location: 2F
2-2: Strikes out swinging
Batting: LHB Vic Davalillo 0-0: Called Strike
0-1: SINGLE (Line Drive, 5D, EV 69.4 MPH)
Batting: SHB Larry Bowa 0-0: Ball
1-0: Foul Ball, location: 7LMF
1-1: Swinging Strike
1-2: Ball
2-2: Ground out 1-3 (Groundball, 13, EV 71.3 MPH)
Top of the 4th over - 0 runs, 1 hit, 0 errors, 1 left on base; Iron City 1 - Stockton 1
BOTTOM OF THE 4TH
Stockton 209 batting - Pitching for Iron City Eddies : LHP Rich Nye
Batting: SHB Peter Holt 0-0: Foul Ball, location: 5F
0-1: Ball
1-1: Fly out, F6 (Popup, P, EV 76.9 MPH)
Batting: RHB Paco Ortega 0-0: Called Strike
0-1: Ball
1-1: Ball
2-1: Ground out 5-3 (Groundball, 56, EV 91.3 MPH)
Batting: RHB Roberto Hernández 0-0: Ball
1-0: Called Strike
1-1: Swinging Strike
1-2: Foul Ball, location: 2F
1-2: Ball
2-2: Strikes out looking
Bottom of the 4th over - 0 runs, 0 hits, 0 errors, 0 left on base; Iron City 1 - Stockton 1
TOP OF THE 5TH
Iron City Eddies batting - Pitching for Stockton 209 : RHP Rich Jenkins
Batting: LHB Jing-xiang Lok 0-0: Called Strike
0-1: Foul Ball, location: 5SF
0-2: Strikes out swinging
Batting: LHB Rich Nye 0-0: Ground out 4-3 (Groundball, 4, EV 101.9 MPH)
Batting: LHB Doug Wright 0-0: Called Strike
0-1: Fly out, F6 (Popup, 6MS, EV 83.1 MPH)
Top of the 5th over - 0 runs, 0 hits, 0 errors, 0 left on base; Iron City 1 - Stockton 1
BOTTOM OF THE 5TH
Stockton 209 batting - Pitching for Iron City Eddies : LHP Rich Nye
Batting: SHB William Cameron 0-0: Fly out, F7 (Flyball, 7, EV 85.0 MPH)
Batting: LHB Toyotomi Matsumoto 0-0: Ball
1-0: Ball
2-0: Called Strike
2-1: Foul Ball, location: 5FF
2-2: Ball
3-2: Foul Ball, location: 2F
3-2: Fly out, F7 (Flyball, 7D, EV 94.4 MPH)
Batting: LHB Graig Nettles 0-0: Called Strike
0-1: Ball
1-1: Ball
2-1: Ball
3-1: Called Strike
3-2: Strikes out looking
Bottom of the 5th over - 0 runs, 0 hits, 0 errors, 0 left on base; Iron City 1 - Stockton 1
TOP OF THE 6TH
Iron City Eddies batting - Pitching for Stockton 209 : RHP Rich Jenkins
Batting: LHB Saran Vakil 0-0: Ground out 4-3 (Groundball, 4, EV 78.8 MPH)
Batting: RHB Jason Wright 0-0: Ball
1-0: Foul Ball, location: 9LMF
1-1: Fly out, F9 (Flyball, 9, EV 86.3 MPH)
Batting: RHB Dwaine Bullivant 0-0: Called Strike
0-1: Called Strike
0-2: Ball
1-2: Ball
2-2: Foul Ball, location: 9LMF
2-2: SINGLE (Line Drive, 56, EV 95.0 MPH)
Batting: LHB Fernando Pérez 0-0: Fielders Choice at 2nd, U6 (Groundball, 6M, EV 103.1 MPH)
Top of the 6th over - 0 runs, 1 hit, 0 errors, 1 left on base; Iron City 1 - Stockton 1
BOTTOM OF THE 6TH
Stockton 209 batting - Pitching for Iron City Eddies : LHP Rich Nye
Batting: RHB Cam Carreon 0-0: SINGLE (Line Drive, 89S, EV 106.9 MPH)
Pinch Hitting: LHB Royce Martin 0-0: Ball
1-0: Ball
2-0: Sac Bunt to 2L - play at first, batter OUT! 2-3
Cam Carreon to second
Batting: SHB Reggie Smith 0-0: Called Strike
0-1: Ball
1-1: Ground out 4-3 (Groundball, 34, EV 81.9 MPH)
Cam Carreon to third
Batting: SHB Peter Holt 0-0: Called Strike
0-1: Ball
1-1: Ball
2-1: Fly out, F8 (Flyball, 8LM, EV 91.3 MPH)
Bottom of the 6th over - 0 runs, 1 hit, 0 errors, 1 left on base; Iron City 1 - Stockton 1
TOP OF THE 7TH
Iron City Eddies batting - Pitching for Stockton 209 : RHP Rich Jenkins
Pitching: LHP Bill Thomas
Pinch Hitting: RHB Mike Ellis 0-0: Ball
1-0: Fly out, F8 (Flyball, 8RM, EV 73.8 MPH)
Batting: SHB Larry Bowa 0-0: Ball
1-0: Ground out 5-3 (Groundball, 56, EV 79.4 MPH)
Batting: LHB Jing-xiang Lok 0-0: Ball
1-0: Ball
2-0: Called Strike
2-1: Swinging Strike
2-2: Ball
3-2: Fly out, F2 (Popup, 2RF, EV 95.6 MPH)
Top of the 7th over - 0 runs, 0 hits, 0 errors, 0 left on base; Iron City 1 - Stockton 1
BOTTOM OF THE 7TH
Stockton 209 batting - Pitching for Iron City Eddies : LHP Rich Nye
Now in CF: Vada Pinson
Batting: RHB Paco Ortega 0-0: Ball
1-0: Ball
2-0: Called Strike
2-1: Foul Ball, location: 9LSF
2-2: Ball
3-2: Foul Ball, location: 25F
3-2: DOUBLE (Line Drive, 9LD, EV 100.0 MPH)
Batting: RHB Roberto Hernández 0-0: Called Strike
0-1: Ball
1-1: Fly out, F9 (Flyball, 89M, EV 88.1 MPH)
Batting: SHB William Cameron 0-0: Ball
Paco Ortega steals 3rd base
1-0: Called Strike
1-1: Called Strike
1-2: Ground out 5-3 (Groundball, 56S, EV 66.3 MPH)
Batting: LHB Toyotomi Matsumoto 0-0: Ball
1-0: Foul Ball, location: 23FF
1-1: Ball
2-1: Ball
3-1: Foul Ball, location: 3F
3-2: DOUBLE (Flyball, 8RXD, EV 101.9 MPH)
Paco Ortega scores
Pinch Hitting: RHB Sal Bando 0-0: Called Strike
0-1: Ball
1-1: Swinging Strike
1-2: Strikes out swinging
Bottom of the 7th over - 1 run, 2 hits, 0 errors, 1 left on base; Iron City 1 - Stockton 2
TOP OF THE 8TH
Iron City Eddies batting - Pitching for Stockton 209 : LHP Bill Thomas
Now at 1B: Tom Baird
Now in LF: Roberto Hernández
Now in RF: Willie Davis
Batting: LHB Rich Nye 0-0: Ball
1-0: Ball
2-0: Ball
3-0: Base on Balls
Pinch Hitting: RHB Jed Hembree 0-0: Foul Ball, location: 2F
0-1: Foul Ball, location: 2LF
0-2: Strikes out swinging
Batting: LHB Saran Vakil 0-0: Sac Bunt to 2L - play at first, batter OUT! 2-4
Rich Nye to second
Batting: RHB Jason Wright 0-0: Called Strike
0-1: Ball
1-1: Ball
2-1: Ball
3-1: Base on Balls
Batting: RHB Dwaine Bullivant 0-0: Ball
1-0: Called Strike
1-1: Ball
2-1: Swinging Strike
2-2: Foul Ball, location: 9LMF
2-2: DOUBLE (Line Drive, 78XD, EV 96.3 MPH)
Rich Nye scores
Jason Wright to third
Runner from 3rd tries for Home, SAFE, no throw by CF
Pitching: LHP James Lund
Batting: LHB Fernando Pérez 0-0: Ball
1-0: Called Strike
1-1: Called Strike
1-2: Strikes out swinging
Top of the 8th over - 2 runs, 1 hit, 0 errors, 1 left on base; Iron City 3 - Stockton 2
BOTTOM OF THE 8TH
Stockton 209 batting - Pitching for Iron City Eddies : LHP Rich Nye
Now at 1B: Ernesto González
Batting: RHB Cam Carreon 0-0: Foul Ball, location: 7LSF
0-1: Called Strike
0-2: Ball
1-2: Ground out 4-3 (Groundball, 4S, EV 61.9 MPH)
Pinch Hitting: RHB Roberto Sánchez 0-0: Ball
1-0: Ball
2-0: Called Strike
2-1: Called Strike
2-2: Ball
3-2: SINGLE (Flyball, 5D, EV 86.3 MPH)
Pitching: LHP Billy McCool
Batting: SHB Reggie Smith 0-0: Ball
1-0: Swinging Strike
1-1: Swinging Strike
1-2: Strikes out looking
Batting: SHB Peter Holt 0-0: Ball
1-0: Swinging Strike
1-1: Called Strike
1-2: SINGLE (Line Drive, 9S, EV 96.9 MPH)
Roberto Sánchez to second
Runner from 2nd tries for 3rd, SAFE, throw by RF made to third
Batting: RHB Tom Baird 0-0: Ball
1-0: Swinging Strike
1-1: Fly out, F8 (Flyball, 8RD, EV 105.6 MPH)
Bottom of the 8th over - 0 runs, 2 hits, 0 errors, 2 left on base; Iron City 3 - Stockton 2
TOP OF THE 9TH
Iron City Eddies batting - Pitching for Stockton 209 : LHP James Lund
Pitching: LHP Jorge Martínez
Batting: LHB Vada Pinson 0-0: Foul Ball, location: 23F
0-1: Ball
1-1: Fly out, F4 (Line Drive, 4M, EV 74.4 MPH)
Batting: SHB Larry Bowa 0-0: Ball
1-0: Ball
2-0: Foul Ball, location: 9LSF
2-1: Foul Ball, location: 5FF
2-2: Strikes out swinging
Batting: LHB Jing-xiang Lok 0-0: Ball
1-0: Called Strike
1-1: Ball
2-1: Foul Ball, location: 2F
2-2: Ball
3-2: Base on Balls
Batting: RHB Billy McCool 0-0: Ball
1-0: Fly out, F9 (Flyball, 9, EV 98.1 MPH)
Top of the 9th over - 0 runs, 0 hits, 0 errors, 1 left on base; Iron City 3 - Stockton 2
BOTTOM OF THE 9TH
Stockton 209 batting - Pitching for Iron City Eddies : LHP Billy McCool
Now at 2B: Alex Díaz
Batting: RHB Roberto Hernández 0-0: Ball
1-0: Ball
2-0: Called Strike
2-1: Foul Ball, location: 2F
2-2: Foul Ball, location: 2F
2-2: Ball
3-2: Foul Ball, location: 2F
3-2: Strikes out looking
Batting: SHB William Cameron 0-0: Called Strike
0-1: Foul Ball, location: 2F
0-2: Foul Ball, location: 3SF
0-2: Ball
1-2: Strikes out looking
Batting: LHB Toyotomi Matsumoto 0-0: Called Strike
0-1: Called Strike
0-2: Ball
1-2: Strikes out looking
Bottom of the 9th over - 0 runs, 0 hits, 0 errors, 0 left on base; Iron City 3 - Stockton 2
Tuesday, February 27th , 2024 - OOTP Baseball 24.8 Build 75